 Dungeon Crawl Stone Soup version 0.17.2-1-ge4368a0 (webtiles) character file.

42 Goblin1989 the Sneak (level 3, -3/18 HPs)
             Began as a Spriggan Assassin on Oct 24, 2016.
             Slain by a worm (11 damage)
             ... on level 2 of the Dungeon.
             The game lasted 00:03:38 (1446 turns).

Goblin1989 the Sneak (Spriggan Assassin)            Turns: 1446, Time: 00:03:38

Health: -3/18      AC:  3    Str:  7    XL:     3   Next: 33%
Magic:  4/4        EV: 17    Int: 12    God:
Gold:   55         SH:  0    Dex: 18    Spells: 0 memorised, 2 levels left

rFire  . . .     SeeInvis +     a - +2 dagger
rCold  . . .     Clarity  .     c - +0 robe
rNeg   . . .     SustAt   .     (shield restricted)
rPois  .         Gourm    .     (helmet restricted)
rElec  .         Spirit   .     d - +0 cloak
rCorr  .         Warding  .     (gloves unavailable)
rMut   .         Stasis   .     (boots unavailable)
MR     .....                    (no amulet)
Stlth  ++++......               (no ring)
                                (no ring)

@: very quick, not resistant to hostile enchantments, stealthy
A: unfitting armour, see invisible, herbivore 3, speed 3, slow metabolism 2
a: no special abilities


You were on level 2 of the Dungeon.
You were not hungry.

You visited 1 branch of the dungeon, and saw 2 of its levels.

You collected 55 gold pieces.

Inventory:

Hand Weapons
 a - a +2 dagger (weapon)
 i - a +0 club
 j - a +0 hand axe
 l - a +0 club
 o - a +0 dagger
 p - a +0 dagger
 q - a +0 dagger
 r - a +0 club
 s - a +0 club
 w - a +0 blowgun {@w1}
 x - a +0 club
 A - a +0 mace
 B - a +0 dagger
Missiles
 e - 7 poisoned needles
 f - 2 curare-tipped needles
 h - 23 stones (quivered)
 k - 5 tomahawks
 u - 13 arrows
Armour
 b - a +0 leather armour
 c - a +0 robe (worn)
 d - a +0 cloak (worn)
 n - a +0 plate armour
 z - a +0 robe
Scrolls
 m - a scroll of enchant weapon {unknown}
 y - a scroll of teleportation {unknown}
 C - a scroll of remove curse {unknown}
 D - a scroll of identify {unknown}
Potions
 v - 2 potions of curing {unknown}
Comestibles
 g - 2 bread rations {@e1}
 t - a meat ration {@e2}


   Skills:
 - Level 1.5 Fighting
 - Level 2.1 Short Blades
 - Level 2.0 Throwing
 - Level 1.5 Dodging
 + Level 7.8 Stealth


You had 2 spell levels left.
You didn't know any spells.

Dungeon Overview and Level Annotations

Branches:
Dungeon (2/15)

Altars:


Innate Abilities, Weirdness & Mutations

You are tiny and cannot use many weapons and most armour.
You have supernaturally acute eyesight.
You are a herbivore.
You cover ground extremely quickly.
You need consume almost no food.


Message History

You are too injured to fight recklessly!
You are too injured to fight recklessly!
You are too injured to fight recklessly!
You are too injured to fight recklessly!
You are too injured to fight recklessly!
You are too injured to fight recklessly!
You are too injured to fight recklessly!
A worm is nearby!
You hit the worm.
The worm is severely wounded.
You barely miss the worm.
The worm is severely wounded.
The worm barely misses you.
You hit the worm.
The worm is severely wounded.
You hit the worm.
The worm is severely wounded.
The worm bites you!
Ouch! That really hurt!
You die... █.....█.█ █.█ ██.....█.█ █.█ █........█ █▲██

█.██.....██...██
████.██.███.█.....██
█.....█.███........██
███.█......██.........█
............▲.........▲
████.....█.██..@w.....█
█...†██.██........██
█..........█.....██
██..███.█████...██ █..█
█.█


█▲██ █..███.█ █......█ █...████████ █..........█ You could see a worm.

Vanquished Creatures
  A worm (D:2)
  5 giant geckos
  3 bats
  7 hobgoblins (D:1)
  5 jackals (D:1)
  A kobold (D:1)
  A giant newt (D:1)
  4 goblins
  5 rats (D:1)
  A toadstool (D:1)
33 creatures vanquished.

Vanquished Creatures (others)
  13 toadstools (D:1)
13 creatures vanquished.

Grand Total: 46 creatures vanquished

Notes
Turn   | Place    | Note
--------------------------------------------------------------
     0 | D:1      | Goblin1989 the Spriggan Assassin began the quest for the Orb.
     0 | D:1      | Reached XP level 1. HP: 10/10 MP: 2/2
    81 | D:1      | Reached skill level 6 in Stealth
   187 | D:1      | Reached XP level 2. HP: 14/14 MP: 3/3
   272 | D:1      | Reached skill level 7 in Stealth
   853 | D:1      | Reached XP level 3. HP: 18/18 MP: 4/4
  1446 | D:2      | Slain by a worm

Action                   || total
-------------------------++-------
Melee: Dagger            ||    93
 Fire: Blowgun           ||     9
 Stab: Sleeping          ||    11

Vault maps used:
D:1:      nagdon_arrival_zigzag_paths, hangedman_glass_teeth
D:2:      first_bread
